 Seeded DCSS version 0.29.0-11-gd7f09526c8 (webtiles) character file.

Game seed: 11434976074280936760 (custom seed)

151683 bwicke the Unseen (level 18, -2/114 HPs)
             Began as a Kobold Enchanter on Sept 4, 2022.
             Was the Champion of Okawaru.
             Constricted to death by a nagaraja (3 damage)
             ... on level 4 of the Snake Pit on Sept 6, 2022.
             The game lasted 02:42:41 (35212 turns).

bwicke the Unseen (Kobold Enchanter)               Turns: 35212, Time: 02:42:42

Health: -2/114     AC: 15    Str:  5    XL:     18   Next: 19%
Magic:  0/32       EV: 27    Int: 22    God:    Okawaru [******]
Gold:   3284       SH:  0    Dex: 22    Spells: 3/29 levels left

rFire   + + .      SeeInvis +   q - +6 dagger of Ilutimumn {spect, rPois}
rCold   + . .      Faith    .   (no shield)
rNeg    + . .      Spirit   +   x - +4 moon troll leather armour {Spirit, Regen++ MP+5}
rPois   +          Reflect  .   V - +2 helmet "Bagec" {Contam Fly rN+}
rElec   +          Harm     .   X - scarf {rC+ rF+}
rCorr   .          Rampage  .   d - +1 pair of gloves "Immoamn" {rElec Int-2 Slay+2 SInv}
Will    +....                   Z - +0 pair of boots "Emoure" {rPois Regen+ Str-2 Int+2}
Stlth   ++++++++++              h - amulet of regeneration
HPRegen 3.49/turn               e - +6 ring of intelligence
MPRegen 0.23/turn               w - +4 ring of slaying

@: lethally poisoned (-2 -> -2), heroic, finesse-ful, flying, constricted
A: small, no large weapons, nightstalker 3, iridescent scales 1, deformed body,
fire resistance 1
a: Renounce Religion, Heroism, Finesse, Duel


You were on level 4 of the Snake Pit.
You worshipped Okawaru.
Okawaru was exalted by your worship.
You visited 5 branches of the dungeon, and saw 27 of its levels.
You also visited: Ossuary.

You collected 4132 gold pieces.
You spent 848 gold pieces at shops.

Inventory:

Hand Weapons
 g - a +2 scimitar of flaming
 q - the +6 dagger of Ilutimumn (weapon) {spect, rPois}
   (Okawaru gifted it to you on level 5 of the Lair of Beasts)

   When its wielder attacks, the weapon's spirit leaps out and strikes again.
   The spirit shares a part of any damage it takes with its wielder.
   rPois:     It protects you from poison.
 r - a +3 shortbow of flaming
 D - a +2 short sword of electrocution
 E - a +9 rapier of venom
 F - a +7 dagger
 R - a +2 dagger of holy wrath
 S - a +4 antimagic dagger
 Y - a +4 quarterstaff of speed
Missiles
 i - 3 atropa-tipped darts
 l - 7 curare-tipped darts
Armour
 d - the +1 pair of gloves "Immoamn" (worn) {rElec Int-2 Slay+2 SInv}
   (Okawaru gifted it to you on level 3 of the Snake Pit)

   Int:       It affects your intelligence (-2).
   Slay:      It affects your accuracy & damage with ranged weapons and melee
   (+2).
   rElec:     It insulates you from electricity.
   SInv:      It lets you see invisible.
 n - the +2 pair of gloves of Enormous Curiosity {rF+ Will+}
   (Okawaru gifted it to you on level 1 of the Lair of Beasts)

   rF:        It protects you from fire.
   Will:      It increases your willpower.
 v - the +0 cloak "Wirruk" {Harm +Inv Dex+4}
   (Okawaru gifted it to you on level 2 of the Orcish Mines)

   Dex:       It affects your dexterity (+4).
   +Inv:      It lets you turn invisible.
   Harm:      It increases damage dealt and taken.
 x - the +4 moon troll leather armour (worn) {Spirit, Regen++ MP+5}
   (Okawaru gifted it to you on level 2 of the Lair of Beasts)

   MP:        It affects your magic capacity (+5).
   Regen:     It increases your rate of health regeneration.
 G - the +1 pair of boots "Urchur" {Rampage Fly rC++ Dex-4}
   (You found it on level 3 of the Lair of Beasts)

   Dex:       It affects your dexterity (-4).
   rC:        It greatly protects you from cold.
   Fly:       It grants you flight.
   Rampage:   It bestows one free step when moving towards enemies.
 V - the +2 helmet "Bagec" (worn) {Contam Fly rN+}
   (You bought it in a shop on level 3 of the Snake Pit)

   rN:        It protects you from negative energy.
   Fly:       It grants you flight.
   Contam:    It causes magical contamination when unequipped.
 X - a scarf of resistance (worn)
 Z - the +0 pair of boots "Emoure" (worn) {rPois Regen+ Str-2 Int+2}
   (Okawaru gifted it to you on level 14 of the Dungeon)

   Str:       It affects your strength (-2).
   Int:       It affects your intelligence (+2).
   rPois:     It protects you from poison.
   Regen:     It increases your rate of health regeneration.
Jewellery
 e - a +6 ring of intelligence (left hand)
 h - an amulet of regeneration (around neck)
 o - a ring of wizardry
 w - a +4 ring of slaying (right hand)
 O - an amulet of reflection
 W - a ring of see invisible
Wands
 k - a wand of digging (13)
 s - a wand of iceblast (3)
 y - a wand of mindburst (8)
 U - a wand of light (13)
Scrolls
 j - 7 scrolls of poison
 t - 5 scrolls of magic mapping
 A - 12 scrolls of teleportation
 C - a scroll of silence
 K - 5 scrolls of fog
 L - 3 scrolls of blinking
 M - 3 scrolls of identify
 Q - 5 scrolls of amnesia
 T - 3 scrolls of fear
Potions
 a - 2 potions of berserk rage
 b - 2 potions of resistance
 c - 4 potions of invisibility
 f - 4 potions of attraction
 m - 7 potions of lignification
 p - 12 potions of curing
 u - 5 potions of flight
 z - 2 potions of mutation
 H - a potion of cancellation
 I - 8 potions of ambrosia
 J - 5 potions of might
 P - 2 potions of brilliance
Miscellaneous
 B - a condenser vane


   Skills:
 + Level 13.1(18.1) Fighting
 - Level 13.2(18.2) Short Blades
 - Level 15.1(20.1) Dodging
 - Level 20.1(25.1) Stealth
 - Level 6.1 Spellcasting
 - Level 12.1 Hexes
 - Level 8.9 Necromancy
 - Level 5.2 Translocations
 - Level 5.0 Transmutations
 - Level 5.0 Earth Magic
 - Level 10.2 Invocations


You had 3 spell levels left.
You knew the following spells:

 Your Spells              Type           Power      Damage    Failure   Level
a - Ensorcelled Hibernat  Hex/Ice        66%        N/A       1%          2
b - Confusing Touch       Hex            56%        N/A       1%          3
c - Teleport Other        Tloc           29%        N/A       4%          3
d - Dazzling Flash        Conj/Hex       66%        N/A       3%          3
e - Passwall              Tmut/Erth      23%        N/A       2%          2
f - Sublimation of Blood  Necr           45%        N/A       1%          2
g - Dispel Undead         Necr           45%        3d17      3%          4
h - Vampiric Draining     Necr           45%        2d9       1%          3
i - Fulminant Prism       Conj/Hex       16%        3d11      12%         4

Your spell library contained the following spells:

 Spells                   Type           Power      Damage    Failure   Level
 Apportation              Tloc           58%        N/A       1%          1
 Necrotise                Necr           100%       1d9       1%          1
 Sandblast                Erth           56%        2d13      1%          1
 Slow                     Hex            100%       N/A       1%          1
 Gell's Gravitas          Tloc           29%        N/A       4%          3
 Stone Arrow              Conj/Erth      34%        3d9       16%         3
 Static Discharge         Conj/Air       6%         3-4/arc   22%         2
 Petrify                  Tmut/Erth      28%        N/A       19%         4
 Corpse Rot               Necr/Pois/Air  19%        N/A       38%         4
 Iskenderun's Mystic Bla  Conj/Tloc      18%        2d6       43%         4
 Lee's Rapid Deconstruct  Erth           14%        3d10*     45%         5
 Airstrike                Air            3%         2d(1-17)  80%         4
 Sticky Flame             Conj/Fire      6%         2d3       80%         4
 Irradiate                Conj/Tmut      8%         3d14      80%         5
 Dispersal                Tloc           14%        N/A       94%         6
 Lightning Bolt           Conj/Air       3%         1d14      98%         5
 Tukima's Dance           Hex            Unusable   N/A       N/A         3
 Summon Small Mammal      Summ           Unusable   N/A       N/A         1
 Death Channel            Necr           Unusable   N/A       N/A         6
 Summon Lightning Spire   Summ/Air       Unusable   N/A       N/A         4

Dungeon Overview and Level Annotations

Branches:
Dungeon (15/15)            Temple (1/1) D:6            Lair (5/5) D:10
  Swamp (0/4) Lair:2        Snake (4/4) Lair:2        Slime (0/5) Lair:4
    Orc (2/2) D:12            Elf (0/3) Orc:2        Vaults (0/5) D:13
 Depths (0/4) D:15        Ossuary (visited)

Altars:
Ashenzari
Cheibriados
Dithmenos
Elyvilon
Fedhas
Gozag
Hepliaklqana
Kikubaaqudgha
Makhleb
Nemelex Xobeh
Okawaru
Qazlal
Ru
Sif Muna
Trog
Uskayaw
Vehumet
Wu Jian
Xom
Yredelemnul
Zin
The Shining One

Shops:
D:15 =   Orc:2 *[[?   Snake:3 [


Innate Abilities, Weirdness & Mutations

You are small and have problems with some larger weapons.
You are completely attuned to the shadows.
You are partially covered in iridescent scales. (AC +2)
Armour fits poorly on your strangely shaped body.
Your flesh is heat resistant. (rF+)


Message History

The nagaraja hits you with a +0 flail!! The nagaraja constricts you.
* * * LOW HITPOINT WARNING * * *
You can now deal lightning-fast blows.
You feel very sick. The nagaraja hits you with a +0 flail.
* * * LOW HITPOINT WARNING * * *
The nagaraja constricts you.
* * * LOW HITPOINT WARNING * * *
Unknown command.
You are confused.
You feel invigorated.
You feel sick. The nagaraja hits you with a +0 flail!
* * * LOW HITPOINT WARNING * * *
The nagaraja constricts you.
* * * LOW HITPOINT WARNING * * *
The nagaraja spits poison at you. The splash of poison hits you. You resist.
* * * LOW HITPOINT WARNING * * *
The nagaraja constricts you.
* * * LOW HITPOINT WARNING * * *
You're too confused to move!
You feel sick.
The nagaraja points at you and mumbles some strange words.
The bolt of poison hits you! You resist.
* * * LOW HITPOINT WARNING * * *
The nagaraja constricts you.
* * * LOW HITPOINT WARNING * * *
Okay, then.
You are too confused!
Okay, then.
Unknown command.
Unknown command.
Okay, then.
Unknown command.
Your magical effects are unravelling.
You feel magically purged.
You feel less invigorated.
You feel less confused.
Your hands stop glowing.
Your attacks no longer feel as feeble.
You feel sick. The nagaraja hits you with a +0 flail!!
* * * LOW HITPOINT WARNING * * *
The nagaraja constricts you.
You die...

..)......##≈≈≈§.##..##
..†)......##≈§§§.##..##
.######....##≈≈≈..##..#
## ###...##≈≈≈..##.#
##...##≈§≈).#.#
##...#≈≈≈..#.#
#..'#####)#.#
##+#.).##)))#
#...@.##### #...)N).#
+.......# #.......#
#...(.##


You could see a nagaraja (fast, catching breath).

Vanquished Creatures
  Mlioglotl (Snake:1)
  The ghost of Hildebrand the Slayer, an adept MiBe of Trog (Snake:1)
  Kirke (D:14)
  Gastronok (Orc:1)
  Frances (D:14)
  A nagaraja (Snake:4)
  Aizul (Snake:1)
  An orc warlord (Orc:2)
  A stone giant (D:15)
  Azrael (D:13)
  The ghost of Qoipory the Demonic Aeon, a journeyman DsEE of Cheibriados (Lair:5)
  An ettin (D:13)
  An ice dragon (D:13)
  2 boulder beetles
  A fire dragon (Lair:5)
  2 centaur warriors
  4 salamander tyrants
  13 hydras
  An ogre mage (D:15)
  12 naga warriors
  7 two-headed ogres
  A catoblepas (D:15)
  13 death yaks
  6 anacondas
  10 naga sharpshooters
  A shock serpent (Snake:4)
  4 orc high priests (Orc:2)
  2 fire crabs
  Amaemon (Lair:2)
  A deep troll (Lair:4)
  5 salamander mystics
  7 skeletal warriors
  2 naga ritualists
  4 lindwurms
  A deep elf pyromancer (D:14)
  5 orc knights (Orc:2)
  2 wolf spiders (Lair:1)
  5 orc sorcerers
  20 salamanders
  6 mana vipers
  2 manticores (D:12)
  15 ugly things
  A rust devil (D:10)
  A guardian serpent (shapeshifter) (D:13)
  A smoke demon (D:10)
  28 black mambas
  6 guardian serpents
  15 elephants
  A gargoyle (D:12)
  10 naga magi
  2 molten gargoyles (Lair:5)
  An orange demon (Lair:2)
  A torpor snail (Lair:4)
  7 cane toads
  An unseen horror (D:12)
  11 komodo dragons
  6 rime drakes
  A kobold demonologist (D:12)
  An ice devil (D:10)
  A freezing wraith (D:13)
  A polar bear (Lair:1)
  3 meliai (D:12)
  A queen bee (D:12)
  A tyrant leech (Lair:2)
  6 trolls
  3 hornets
  Grinder (D:4)
  Prince Ribbit (Lair:1)
  10 slime creatures
  5 blink frogs
  13 dream sheep (Lair:5)
  16 yaks
  A vampire (D:12)
  A centaur simulacrum (D:15)
  Sigmund (D:2)
  3 spriggans
  3 shadows (D:12)
  4 wraiths
  A basilisk (shapeshifter) (D:13)
  A hog (D:14)
  5 wyverns
  7 basilisks
  4 fire elementals (D:13)
  3 humans (D:14)
  A yak (shapeshifter) (D:14)
  2 steam dragons
  A neqoxec (D:10)
  7 vampire mosquitoes
  2 wargs (Orc:2)
  27 nagas
  A swamp worm (Lair:2)
  2 acid dragons
  7 hell hounds
  Duvessa (D:5)
  10 water moccasins
  21 orc warriors
  3 ice beasts
  A sky beast (D:8)
  A boggart (Lair:5)
  5 ogres
  17 wolves
  10 centaurs
  3 phantoms
  8 bullfrogs
  4 kobold brigands
  A gnoll sergeant (D:11)
  11 wights
  2 scorpions
  Dowan (D:5)
  29 killer bees
  6 howler monkeys
  A jelly (D:5)
  6 lava snakes
  2 quasits (D:10)
  5 hounds
  A gnoll bouda (D:7)
  20 orc priests
  4 iguanas
  31 orc wizards
  4 hell rats (Lair:5)
  A hound zombie (Ossuary)
  4 mummies (Ossuary)
  10 gnolls
  6 adders
  A white imp (D:6)
  2 ufetubi
  A worm (D:2)
  3 dart slugs
  113 orcs
  9 ball pythons
  7 bats
  6 endoplasms
  2 giant cockroaches
  4 gnoll zombies (Ossuary)
  5 goblins
  7 hobgoblins
  6 jackals
  9 quokkas
  2 frilled lizards
  2 goblin zombies (Ossuary)
  2 hobgoblin zombies (Ossuary)
  29 kobolds
  2 orc zombies (Ossuary)
  5 rats
  A rat zombie (Ossuary)
855 creatures vanquished.

Vanquished Creatures (collateral kills)
  Edmund (D:5)
  A wight (D:6)
2 creatures vanquished.

Vanquished Creatures (others)
  A molten gargoyle (Lair:5)
  An orc wizard (Orc:2)
  19 fungi
  39 plants
  7 withered plants (D:6)
67 creatures vanquished.

Grand Total: 924 creatures vanquished

Notes
Turn   | Place    | Note
-------+----------+-------------------------------------------
     0 | D:1      | bwicke the Kobold Enchanter began the quest for the Orb.
     0 | D:1      | Reached XP level 1. HP: 10/10 MP: 3/3
   296 | D:1      | Reached XP level 2. HP: 15/15 MP: 5/5
   353 | D:1      | Reached skill level 5 in Stealth
   437 | D:1      | Found a faded altar of an unknown god.
   447 | D:1      | Reached XP level 3. HP: 19/19 MP: 6/6
   752 | D:1      | Learned a level 2 spell: Ensorcelled Hibernation
   756 | D:1      | Learned a level 3 spell: Confusing Touch
   836 | D:2      | Noticed Sigmund
   843 | D:2      | Killed Sigmund
   844 | D:2      | Reached skill level 5 in Hexes
   844 | D:2      | Reached XP level 4. HP: 17/24 MP: 4/7
   844 | D:2      | Reached XP level 5. HP: 20/28 MP: 4/8
   855 | D:2      | Reached XP level 6. HP: 24/32 MP: 5/9
   959 | D:2      | Reached skill level 6 in Stealth
  1436 | D:2      | Identified a scroll of acquirement
  1436 | D:2      | Acquired 1222 gold pieces
  2512 | D:3      | Reached skill level 7 in Stealth
  3978 | D:4      | Reached skill level 8 in Stealth
  3994 | D:4      | Reached XP level 7. HP: 36/36 MP: 10/10
  4100 | D:4      | Noticed Grinder
  4118 | D:4      | Killed Grinder
  4119 | D:4      | Reached skill level 9 in Stealth
  4526 | D:4      | Reached skill level 10 in Stealth
  4896 | D:5      | Entered Level 5 of the Dungeon
  4901 | D:5      | Learned a level 3 spell: Tukima's Dance
  5020 | D:5      | Reached XP level 8. HP: 41/41 MP: 11/11
  5051 | D:5      | Noticed Duvessa
  5051 | D:5      | Noticed Dowan
  5060 | D:5      | Killed Duvessa
  5063 | D:5      | Killed Dowan
  5466 | D:5      | Noticed Edmund
  5480 | D:5      | Killed Edmund
  5875 | D:5      | Reached XP level 9. HP: 45/45 MP: 12/12
  6265 | D:6      | Found an ancient bone altar of Kikubaaqudgha.
  6408 | D:6      | Found a staircase to the Ecumenical Temple.
  6421 | Temple   | Entered the Ecumenical Temple
  6478 | Temple   | Became a worshipper of Warmaster Okawaru
  6562 | D:6      | Reached skill level 10 in Hexes
  6982 | D:6      | Reached skill level 5 in Short Blades
  7236 | D:6      | Reached * piety under Okawaru
  7718 | D:7      | Found a sand-covered staircase.
  7724 | Ossuary  | Entered an ossuary
  8008 | D:7      | Found a sparkling altar of Nemelex Xobeh.
  8581 | D:7      | Reached XP level 10. HP: 50/50 MP: 13/13
  9114 | D:7      | Found a glowing golden altar of the Shining One.
  9614 | D:8      | Reached skill level 10 in Short Blades
  9614 | D:8      | Reached skill level 1 in Invocations
  9928 | D:8      | Reached ** piety under Okawaru
 10152 | D:8      | Found a snail-covered altar of Cheibriados.
 10511 | D:9      | Reached skill level 5 in Dodging
 10953 | D:9      | Reached *** piety under Okawaru
 11557 | D:10     | Entered Level 10 of the Dungeon
 11651 | D:10     | Noticed an ice devil
 11656 | D:10     | Noticed a smoke demon
 11662 | D:10     | Killed an ice devil
 11669 | D:10     | Killed a smoke demon
 11670 | D:10     | Reached XP level 11. HP: 52/54 MP: 8/14
 11907 | D:10     | Reached skill level 1 in Fighting
 12128 | D:10     | Reached **** piety under Okawaru
 12225 | D:10     | Noticed a two-headed ogre
 12229 | D:10     | Found a staircase to the Lair.
 12240 | D:10     | Killed a two-headed ogre
 12241 | D:10     | Reached skill level 5 in Fighting
 12446 | Lair:1   | Entered Level 1 of the Lair of Beasts
 12852 | Lair:1   | Noticed a four-headed hydra
 12866 | Lair:1   | Killed a four-headed hydra
 12944 | Lair:1   | Noticed a death yak
 13041 | Lair:1   | Noticed a death yak
 13043 | Lair:1   | Noticed a death yak
 13055 | Lair:1   | Killed a death yak
 13055 | Lair:1   | Reached ***** piety under Okawaru
 13056 | Lair:1   | Noticed a death yak
 13218 | Lair:2   | Found a staircase to the Snake Pit.
 13228 | Lair:2   | Reached XP level 12. HP: 77/77 MP: 15/15
 13232 | Lair:2   | Reached skill level 10 in Fighting
 13363 | Lair:2   | Reached skill level 5 in Invocations
 13561 | Lair:2   | Received a gift from Okawaru
 13709 | Lair:2   | You fall into a shaft and drop 2 floors!
 14153 | Lair:3   | Noticed a death yak
 14154 | Lair:3   | Noticed a death yak
 14154 | Lair:3   | Noticed a death yak
 14154 | Lair:3   | Noticed a death yak
 14154 | Lair:3   | Noticed a death yak
 14194 | Lair:2   | Noticed Amaemon
 14231 | Lair:2   | Killed Amaemon
 14755 | Lair:2   | Noticed a five-headed hydra
 14755 | Lair:2   | Noticed an eight-headed hydra
 14869 | Lair:2   | Found a staircase to the Swamp.
 14901 | Lair:2   | Killed a five-headed hydra
 14902 | Lair:2   | Reached skill level 10 in Invocations
 14952 | Lair:2   | Killed an eight-headed hydra
 14952 | Lair:2   | Received a gift from Okawaru
 14952 | Lair:2   | Found the +4 moon troll leather armour {Spirit, Regen++
                  | MP+5}
 15067 | Lair:3   | Reached skill level 1 in Translocations
 15189 | Lair:3   | Noticed a six-headed hydra
 15193 | Lair:3   | Killed a six-headed hydra
 15194 | Lair:3   | Reached XP level 13. HP: 82/82 MP: 20/20
 15371 | Lair:4   | Reached skill level 5 in Translocations
 15380 | Lair:4   | Learned a level 3 spell: Teleport Other
 15384 | Lair:4   | Learned a level 3 spell: Dazzling Flash
 15387 | Lair:4   | Learned a level 2 spell: Passwall
 15508 | Lair:4   | Reached skill level 1 in Transmutations
 15508 | Lair:4   | Reached skill level 1 in Earth Magic
 15719 | Lair:4   | Found a staircase to the Slime Pits.
 16148 | Lair:5   | Entered Level 5 of the Lair of Beasts
 16602 | Lair:5   | Reached ****** piety under Okawaru
 16618 | Lair:5   | Reached skill level 5 in Transmutations
 16618 | Lair:5   | Reached skill level 5 in Earth Magic
 16757 | Lair:5   | Reached skill level 11 in Stealth
 16937 | Lair:5   | Found a large runed translucent door.
 16938 | Lair:5   | Found a large runed translucent door.
 17258 | Lair:5   | Noticed a seven-headed hydra
 17272 | Lair:5   | Found a runed translucent door.
 17273 | Lair:5   | Killed a seven-headed hydra
 17274 | Lair:5   | Reached skill level 12 in Stealth
 17453 | Lair:5   | Noticed a fire dragon
 17464 | Lair:5   | Killed a fire dragon
 17629 | Lair:5   | Reached skill level 13 in Stealth
 17957 | Lair:5   | Reached XP level 14. HP: 85/88 MP: 19/21
 17993 | Lair:5   | Received a gift from Okawaru
 17994 | Lair:5   | Reached skill level 14 in Stealth
 18084 | Lair:5   | Reached skill level 15 in Stealth
 18337 | Lair:5   | Reached skill level 16 in Stealth
 18934 | Lair:5   | Identified the +6 dagger of Ilutimumn {spect, rPois}
                  | (Okawaru gifted it to you on level 5 of the Lair of Beasts)
 18934 | Lair:5   | Received a gift from Okawaru
 19126 | Lair:5   | Noticed Qoipory's ghost (journeyman DsEE)
 19395 | Lair:5   | Identified the +1 trident of Wegrogua {drain, rF- Int+4
                  | Dex+3 SInv}
 19865 | Lair:5   | Killed Qoipory's ghost
 20117 | Lair:1   | Noticed Prince Ribbit
 20134 | Lair:1   | Killed Prince Ribbit
 20926 | Lair:1   | Identified the +2 pair of gloves of Enormous Curiosity {rF+
                  | Will+} (Okawaru gifted it to you on level 1 of the Lair of
                  | Beasts)
 20926 | Lair:1   | Received a gift from Okawaru
 21070 | D:11     | Identified the +7 war axe of the Eternal Warrior {vorpal,
                  | Fragile rF- rCorr Dex+10}
 21393 | D:11     | Found a snail-covered altar of Cheibriados.
 21734 | D:12     | Reached skill level 1 in Necromancy
 21736 | D:12     | Gained mutation: Your flesh is heat resistant. (rF+)
                  | [potion of mutation]
 21736 | D:12     | Gained mutation: You are partially covered in iridescent
                  | scales. (AC +2) [potion of mutation]
 21736 | D:12     | Gained mutation: Armour fits poorly on your strangely
                  | shaped body. [potion of mutation]
 21994 | D:12     | Reached XP level 15. HP: 98/98 MP: 14/22
 22244 | D:12     | Reached skill level 5 in Necromancy
 22253 | D:12     | You fall into a shaft and drop 2 floors!
 22335 | D:14     | Learned a level 2 spell: Sublimation of Blood
 22393 | D:14     | Noticed Frances
 22395 | D:14     | Killed Frances
 22419 | D:14     | Noticed Kirke
 22437 | D:14     | Killed Kirke
 22684 | D:14     | Reached skill level 5 in Spellcasting
 22797 | D:14     | Identified the +0 pair of boots "Emoure" {rPois Regen+
                  | Str-2 Int+2} (Okawaru gifted it to you on level 14 of the
                  | Dungeon)
 22797 | D:14     | Received a gift from Okawaru
 22923 | D:14     | Found a glowing silver altar of Zin.
 22923 | D:14     | Found a white marble altar of Elyvilon.
 22923 | D:14     | Found a glowing golden altar of the Shining One.
 23082 | D:15     | Entered Level 15 of the Dungeon
 23112 | D:15     | Learned a level 4 spell: Dispel Undead
 23116 | D:15     | Learned a level 3 spell: Vampiric Draining
 23121 | D:15     | Learned a level 4 spell: Fulminant Prism
 23409 | D:15     | Found Ymojiarum's Jewellery Boutique.
 23859 | D:15     | Found a white marble altar of Elyvilon.
 23930 | D:15     | Noticed a stone giant
 23937 | D:15     | Killed a stone giant
 23939 | D:15     | Found a staircase to the Depths.
 24151 | D:13     | Noticed Azrael
 24168 | D:13     | Killed Azrael
 24905 | D:13     | Reached XP level 16. HP: 104/104 MP: 12/25
 24927 | D:13     | Received a gift from Okawaru
 25491 | D:13     | Found a gate to the Vaults.
 25964 | D:12     | Found a staircase to the Orcish Mines.
 26401 | Orc:1    | Entered Level 1 of the Orcish Mines
 26655 | Orc:1    | Noticed Gastronok
 26669 | Orc:1    | Killed Gastronok
 27010 | Orc:2    | Entered Level 2 of the Orcish Mines
 27068 | Orc:2    | Found a staircase to the Elven Halls.
 27455 | Orc:2    | Identified the +0 cloak "Wirruk" {Harm +Inv Dex+4} (Okawaru
                  | gifted it to you on level 2 of the Orcish Mines)
 27455 | Orc:2    | Received a gift from Okawaru
 27783 | Orc:2    | Found Jereaheig's Assorted Antiques.
 27798 | Orc:2    | Found Mipaam's Armour Boutique.
 27800 | Orc:2    | Found Effoub's Armour Shoppe.
 27800 | Orc:2    | Found Tuffag's Magic Scroll Boutique.
 27810 | Orc:2    | Bought a scroll of fog for 68 gold pieces
 27810 | Orc:2    | Bought a scroll of fear for 68 gold pieces
 27817 | Orc:2    | Bought a scroll of enchant weapon for 202 gold pieces
 27817 | Orc:2    | Bought a potion of invisibility for 216 gold pieces
 28400 | Snake:1  | Entered Level 1 of the Snake Pit
 28938 | Snake:1  | Noticed Aizul
 28945 | Snake:1  | Killed Aizul
 29217 | Snake:1  | Reached skill level 10 in Dodging
 29471 | Snake:1  | Found a large runed translucent door.
 29472 | Snake:1  | Found a large runed translucent door.
 29477 | Snake:1  | Noticed Hildebrand's ghost (adept MiBe)
 29490 | Snake:1  | Killed Hildebrand's ghost
 29953 | Snake:1  | Noticed Mlioglotl
 29962 | Snake:1  | Killed Mlioglotl
 30354 | Snake:2  | Reached XP level 17. HP: 80/108 MP: 6/26
 30822 | Snake:3  | Identified the +1 pair of gloves "Immoamn" {rElec Int-2
                  | Slay+2 SInv} (Okawaru gifted it to you on level 3 of the
                  | Snake Pit)
 30822 | Snake:3  | Received a gift from Okawaru
 31139 | Snake:3  | Found Pyligh's Antique Armour Emporium.
 31144 | Snake:3  | Bought a jewelled helmet for 294 gold pieces
 31144 | Snake:3  | Identified the +2 helmet "Bagec" {Contam Fly rN+} (You
                  | bought it in a shop on level 3 of the Snake Pit)
 31673 | Snake:4  | Entered Level 4 of the Snake Pit
 32526 | Snake:2  | Reached skill level 15 in Dodging
 32971 | Snake:2  | Reached skill level 17 in Stealth
 34043 | Lair:3   | Reached skill level 18 in Stealth
 34048 | Lair:3   | Identified the +1 pair of boots "Urchur" {Rampage Fly rC++
                  | Dex-4}
 34435 | Snake:4  | Identified the +1 plate armour of Supple Strength {rC-
                  | Slay+5} (Okawaru gifted it to you on level 4 of the Snake
                  | Pit)
 34435 | Snake:4  | Received a gift from Okawaru
 34887 | Snake:4  | Reached skill level 19 in Stealth
 34957 | Snake:4  | Reached XP level 18. HP: 111/114 MP: 25/27
 35156 | Snake:4  | Reached skill level 20 in Stealth
 35212 | Snake:4  | HP: 1/114 [nagaraja/+0 flail (12)]
 35212 | Snake:4  | Constricted to death by a nagaraja

Illustrated notes

Levels and vault maps discovered:
D:1:      dreamdust_arrival_beginning_and_end, layout_rooms,
          nicolae_ecumenical_snake_handling
D:2:      layout_rooms, minmay_quantized, uniq_sigmund
D:3:      layout_loops_ring, serial_co_window_serial, co_window_paths_b,
          co_window_corner_a, co_window_paths_b, co_window_corner_a,
          co_window_paths_a, co_window_corner_b, co_window_corner_ca,
          co_window_2corner, co_window_broadway_a, co_window_corner_b,
          co_window_cross_2, glass_columns_b, glass_columns_a, glass_columns_c,
          glass_columns_b, kennysheep_crisscross, minmay_misc_feat_more_columns
D:4:      layout_gridville, serial_bayou_lake_a, uniq_grinder
D:5:      layout_basic, corexii_item_surrounded_by_moat, uniq_duvessa,
          uniq_edmund
D:6:      layout_basic, kiku_gazebo_garden_becter, minmay_temple_entry_ruins,
          serial_rivers, chequers_serial_rivers_marsh,
          chequers_serial_rivers_micro_a, chequers_serial_rivers_room_a,
          chequers_serial_rivers_large_a
D:7:      layout_basic, mainiacjoe_overflow_swirl, enter_ossuary_1
D:8:      layout_gridville, marbit_many_paths, nicolae_titane
D:9:      layout_irregular_city
D:10:     layout_big_octagon, serial_demonic, serial_demonic_b,
          serial_demonic_b, serial_demonic_c, serial_demonic_a,
          kennysheep_another_room, minmay_misc_feat_iff
D:11:     layout_gridville, cheibriados_altar_2
D:12:     layout_roguey [special_room_bee], hiddenorc2_lemuel
D:13:     layout_layer_cave, david_vaults_4, uniq_azrael
D:14:     layout_basic, good_gods_mini_temple, uniq_kirke, uniq_frances
D:15:     grunt_enter_depths_giant_problem, layout_loops_cross,
          elyvilon_altar_4, serial_shops, shop
Temple:   nicolae_temple_no_exploring_needed
Lair:1:   layout_cave_pods, nicolae_lair_run_with_the_wolves,
          grunt_megastairs_3, uniq_prince_ribbit2
Lair:2:   layout_regular_city, palyth_hydra_swamp_entry,
          minmay_snake_entry_six_corridors, infiniplex_staircase_pool_2,
          uniq_amaemon
Lair:3:   layout_loops_ring, wad_woods_03, grunt_megastairs_1
Lair:4:   dreamdust_cave_troll, layout_concentric_octagons,
          dpeg_slime_entry_enclosed
Lair:5:   cheibrodos_lair_end_hotspot, layout_cave_pods,
          ebering_ghost_funeral_grove, lemuel_fruit_tree, serial_bayou_shore_b,
          lemuel_fruit_fields
Snake:1:  layout_layer_cave, ebering_ghost_disaster_area, uniq_mlioglotl,
          uniq_aizul
Snake:2:  layout_chambers, nicolae_snake_salamander_stairs, serial_bayou_shore_b
Snake:3:  layout_basic, serial_shops, shop
Snake:4:  snake_pit_salamanders_mu, layout_onion, serial_bayou_pond_a,
          nicolae_snake_boneroom
Orc:1:    layout_diamond_mine, mines2_david, uniq_gastronok
Orc:2:    grunt_orc_tribal_feast, layout_diamond_mine, basic_altar,
          minmay_orc_keep

Skill      XL: |  1  2  3  4  5  6  7  8  9 10 11 12 13 14 15 16 17 18 |
---------------+-------------------------------------------------------+-----
Stealth        | 5 8 10 13 16 19 20 | 20.1
Hexes          | 5 8 10 12 | 12.1
Short Blades   | 8 10 13 | 13.2
Invocations    | 3 10 | 10.2
Dodging        | 8 9 11 15 | 15.1
Fighting       | 9 10 13 | 13.1
Translocations | 3 5 |  5.2
Transmutations | 5 |  5.0
Earth Magic    | 5 |  5.0
Necromancy     | 3 7 8 |  8.9
Spellcasting   | 6 |  6.1

Action                   |  1- 3 |  4- 6 |  7- 9 | 10-12 | 13-15 | 16-18 || total
-------------------------+-------+-------+-------+-------+-------+-------++-------
Melee: Dagger            |    48 |   149 |   233 |   385 |   820 |   923 ||  2558
       Punch             |       |     3 |     3 |     5 |    23 |    17 ||    51
       Rapier            |       |       |       |       |    36 |       ||    36
       Quarterstaff      |       |       |       |       |    25 |       ||    25
Throw: Dart              |       |       |       |     2 |     5 |     2 ||     9
       Throwing net      |       |       |       |       |       |     5 ||     5
 Cast: Ensorcelled Hiber |     1 |    10 |     8 |    35 |    75 |    32 ||   161
       Confusing Touch   |       |     8 |    18 |    34 |    77 |    83 ||   220
       Tukima's Dance    |       |       |     4 |       |       |       ||     4
       Dazzling Flash    |       |       |       |       |    18 |    50 ||    68
       Passwall          |       |       |       |       |     3 |       ||     3
       Sublimation of Bl |       |       |       |       |     7 |    50 ||    57
       Dispel Undead     |       |       |       |       |     5 |    14 ||    19
       Vampiric Draining |       |       |       |       |       |     1 ||     1
Invok: Heroism           |       |       |       |     2 |     9 |    12 ||    23
       Finesse           |       |       |       |       |     1 |     3 ||     4
Evoke: Wand              |       |       |     3 |     1 |     3 |     3 ||    10
       Condenser vane    |       |       |       |       |       |     1 ||     1
  Use: Scroll            |       |     1 |    11 |    14 |    16 |     7 ||    49
       Potion            |       |       |     4 |       |     3 |     7 ||    14
 Stab: Sleeping          |    18 |    28 |    37 |    69 |    77 |    78 ||   307
       Distracted        |       |     1 |     2 |     1 |    10 |    12 ||    26
       Confused          |       |     6 |    16 |    32 |    78 |    78 ||   210
       Invisible         |       |       |     3 |       |    12 |    72 ||    87
       Held in net/web   |       |       |       |       |       |     6 ||     6
Armor: Robe              |     6 |     6 |       |    46 |       |       ||    58
       Leather armour    |       |    17 |    41 |     2 |       |       ||    60
       Troll leather arm |       |       |       |     2 |   188 |   116 ||   306
Dodge: Dodged            |    20 |   105 |   108 |   249 |   681 |   663 ||  1826
